 Dungeon Crawl Stone Soup version 0.17.1-2-g5865329 (webtiles) character file.

3488 kaze the Nimble (level 9, -12/92 HPs)
             Began as a Troll Berserker on Jan 29, 2016.
             Was a High Priest of Trog.
             Mangled by an orc knight
             ... wielding a +0 battleaxe
              (20 damage)
             ... on level 1 of the Orcish Mines.
             The game lasted 00:33:56 (5418 turns).

kaze the Nimble (Troll Berserker)                   Turns: 5418, Time: 00:33:56

Health: -12/92     AC:  7    Str: 35    XL:     9   Next: 80%
Magic:  8/8        EV: 12    Int:  3    God:    Trog [*****.]
Gold:   346        SH:  0    Dex:  9    Spells: 0 memorised, 8 levels left

rFire  . . .     SeeInvis .     v - +0 war axe (venom)
rCold  + . .     Clarity  .     s - +2 robe {rC+}
rNeg   + . .     SustAt   .     (no shield)
rPois  .         Gourm    +     (helmet restricted)
rElec  .         Spirit   .     (no cloak)
rCorr  .         Warding  .     (gloves unavailable)
rMut   .         Stasis   .     (boots unavailable)
MR     ++...                    (no amulet)
Stlth  +.........               w - +5 ring of strength
                                g - ring of positive energy

@: exhausted, regenerating, slowed, very slow, very resistant to hostile
enchantments, very unstealthy
A: unfitting armour, claws 3, fast metabolism 3, gourmand, regeneration 2,
shaggy fur 1, tough skin 2
a: Berserk, Trog's Hand, Brothers in Arms, Burn Spellbooks, Renounce Religion


You were on level 1 of the Orcish Mines.
You worshipped Trog.
Trog was extremely pleased with you.
You were very full.

You visited 2 branches of the dungeon, and saw 10 of its levels.

You collected 346 gold pieces.

Inventory:

Hand Weapons
 l - a +0 falchion of slicing
 v - a +0 war axe of venom (weapon)
Armour
 a - a +0 animal skin
 s - a +2 robe of cold resistance (worn)
Jewellery
 c - an uncursed ring of fire
 g - a ring of positive energy (left claw)
 w - a +5 ring of strength (right claw)
 B - an uncursed ring of fire
 C - a cursed ring of loudness {unknown}
Wands
 k - a wand of fireball (10)
Scrolls
 e - 7 scrolls of identify
 f - 2 scrolls of magic mapping {unknown}
 h - 4 scrolls of enchant weapon {unknown}
 j - 3 scrolls of remove curse {unknown}
 q - 2 scrolls of fear {unknown}
 t - 3 scrolls of amnesia {unknown}
 x - a scroll of fog {unknown}
 y - 2 scrolls of recharging {unknown}
Potions
 d - 2 potions of heal wounds {unknown}
 i - 2 potions of might {unknown}
 m - a potion of invisibility {unknown}
 n - 2 potions of agility {unknown}
 o - 3 potions of poison {unknown}
 A - 3 potions of curing
Comestibles
 b - 4 bread rations
 p - a slice of pizza
 r - 7 fruits


   Skills:
 + Level 6.5 Fighting
 + Level 1.0 Long Blades
 + Level 5.4 Axes
 + Level 8.3 Dodging
 - Level 0.1 Stealth
 + Level 3.9 Unarmed Combat


You had 8 spell levels left.
You didn't know any spells.

Dungeon Overview and Level Annotations

Branches:
Dungeon (9/15)             Temple (0/1) D:5             Orc (1/4) D:9
   Lair: D:8-11

Altars:
Cheibriados
Dithmenos
Fedhas
Kikubaaqudgha
Makhleb
Nemelex Xobeh
Qazlal
Ru
Sif Muna
Trog
Zin
The Shining One

Shops:
D:3 *   D:6 [   D:8 [


Innate Abilities, Weirdness & Mutations

You are too large for most types of armour.
You have claws for hands.
Your metabolism is lightning-fast.
You like to eat raw meat.
You heal very quickly.
You are covered in fur (AC +1).
You have very tough skin (AC +2).


Message History

The orc wizard mumbles some strange words.
The orc wizard flickers and vanishes!
The orc knight hits you with a battleaxe!!
* * * LOW HITPOINT WARNING * * *
The orc warrior barely misses you.
The orc warrior hits you with a hand axe.
* * * LOW HITPOINT WARNING * * *
Unknown command.
Unknown command.
You slash the orc!
You kill the orc!
Trog accepts your kill.
You hit the orc knight but do no damage.
The orc knight looks even sicker.
The orc knight is lightly wounded.
You barely miss the orc warrior.
The orc warrior is moderately wounded.
The orc warrior closely misses you.
The orc knight hits you with a battleaxe!!
You die...

.... ## ### .....#
##.##.##.......
#.$....#.......
#..o.#.........$ ..
#@#.#..........
##..#ooho..........
#....$oOo..........
##.....{{o).....#..
##...#.)o##.......
##..##)o.o.......
#...##.#o.......
##.. ##$o....... ##
##........


You could see an orc knight, a warg, 2 orc warriors, an ogre, an orc wizard
(frenzied) and 8 orcs.

Vanquished Creatures
  The ghost of kraktruk the Thaumaturge, a novice DsWz of Vehumet (D:8)
  Grinder (D:5)
  A hungry ghost (D:8)
  A warg (Orc:1)
  Menkaure (D:6)
  Duvessa (D:6)
  2 black bears
  2 ogres
  4 centaurs
  An ice beast (D:8)
  A big kobold (D:8)
  Blork the orc (D:6)
  2 giant frogs (D:6)
  Dowan (D:6)
  4 scorpions
  3 killer bees (D:8)
  A centaur zombie (D:7)
  2 crimson imps
  5 hounds
  2 jellies
  A centaur skeleton (D:5)
  4 orc priests
  3 giant frog skeletons
  7 orc wizards
  3 worker ants
  A worker ant zombie (D:8)
  7 adders
  4 oozes
  2 worms
  10 giant geckos
  46 orcs
  9 giant cockroaches
  8 goblins
  7 hobgoblins
  6 jackals
  7 kobolds
  A ball python (D:4)
  5 bats
  A giant gecko skeleton (D:4)
  A giant gecko zombie (D:6)
  3 giant newts
  4 quokkas
  11 rats
188 creatures vanquished.

Notes
Turn   | Place    | Note
--------------------------------------------------------------
     0 | D:1      | kaze the Troll Berserker began the quest for the Orb.
     0 | D:1      | Reached XP level 1. HP: 22/22 MP: 0/0
   340 | D:1      | Reached XP level 2. HP: 27/29 MP: 1/1
   566 | D:1      | Reached ** piety under Trog
   733 | D:2      | Reached XP level 3. HP: 36/36 MP: 2/2
  1227 | D:3      | Found a sacrificial altar of Ru.
  1250 | D:3      | Found Zin's Purification Station.
  1250 | D:3      | Found a glowing silver altar of Zin.
  1280 | D:3      | Reached XP level 4. HP: 36/44 MP: 3/3
  1444 | D:3      | Found a shadowy altar of Dithmenos.
  1506 | D:3      | Noticed a moth of wrath
  1514 | D:3      | Found a bloodstained altar of Trog.
  1549 | D:3      | Reached *** piety under Trog
  1724 | D:3      | Reached XP level 5. HP: 53/53 MP: 4/4
  1899 | D:4      | Reached skill level 1 in Long Blades
  2073 | D:4      | Found a snail-covered altar of Cheibriados.
  2158 | D:4      | Found a stormy altar of Qazlal.
  2168 | D:4      | Found a burning altar of Makhleb.
  2265 | D:4      | Reached skill level 4 in Dodging
  2341 | D:5      | Entered Level 5 of the Dungeon
  2347 | D:5      | Reached XP level 6. HP: 56/61 MP: 5/5
  2388 | D:5      | Noticed Grinder
  2426 | D:5      | Paralysed by Grinder for 7 turns
  2434 | D:5      | Killed Grinder
  2434 | D:5      | Reached skill level 1 in Axes
  2496 | D:5      | Reached XP level 7. HP: 54/70 MP: 6/6
  2717 | D:5      | Reached skill level 5 in Dodging
  2719 | D:5      | Found a staircase to the Ecumenical Temple.
  2725 | D:5      | Reached **** piety under Trog
  2888 | D:6      | Noticed Blork the orc
  2896 | D:6      | Killed Blork the orc
  3051 | D:6      | Reached XP level 8. HP: 77/79 MP: 7/7
  3254 | D:6      | Noticed Menkaure
  3267 | D:6      | Killed Menkaure
  3267 | D:6      | Reached skill level 5 in Fighting
  3446 | D:6      | Noticed Duvessa
  3448 | D:6      | Noticed Dowan
  3455 | D:6      | Killed Duvessa
  3455 | D:6      | Reached skill level 6 in Dodging
  3458 | D:6      | Killed Dowan
  3530 | D:6      | Found Kutwuekk's Armour Shop.
  4330 | D:7      | Found an ancient bone altar of Kikubaaqudgha.
  4334 | D:7      | Found a glowing golden altar of the Shining One.
  4342 | D:7      | Found a sparkling altar of Nemelex Xobeh.
  4473 | D:8      | Reached XP level 9. HP: 80/89 MP: 8/8
  4594 | D:8      | Reached skill level 7 in Dodging
  4723 | D:8      | Noticed kraktruk's ghost (novice DsWz)
  4806 | D:8      | Killed kraktruk's ghost
  4825 | D:8      | Reached skill level 5 in Axes
  4866 | D:8      | Found a blossoming altar of Fedhas.
  4999 | D:8      | Found a stormy altar of Qazlal.
  5050 | D:8      | Found a deep blue altar of Sif Muna.
  5286 | D:8      | Found Osax's Antique Armour Shoppe.
  5292 | D:8      | Reached skill level 8 in Dodging
  5320 | D:8      | Reached ***** piety under Trog
  5386 | D:9      | Found a staircase to the Orcish Mines.
  5397 | Orc:1    | Entered Level 1 of the Orcish Mines
  5397 | Orc:1    | Noticed an orc knight
  5415 | Orc:1    | HP: 1/92 [orc knight/battleaxe (22)]
  5418 | Orc:1    | Mangled by an orc knight

Action                   |  1- 3 |  4- 6 |  7- 9 || total
-------------------------+-------+-------+-------++-------
Melee: Unarmed           |    62 |       |       ||    62
       Falchion          |    57 |    45 |       ||   102
       War axe           |       |    85 |   268 ||   353
Invok: Berserk           |       |     1 |     8 ||     9
       Trog's Hand       |       |       |     4 ||     4
  Use: Scroll            |       |       |     1 ||     1
 Stab: Sleeping          |     1 |       |     1 ||     2
  Eat: Chunk             |    14 |    15 |    20 ||    49
       Fruit             |       |       |    20 ||    20
       Royal jelly       |       |       |     1 ||     1
       Bread ration      |       |       |     6 ||     6
       Meat ration       |       |       |     1 ||     1
